 Dungeon Crawl Stone Soup version 0.24.0-123-gd5b16e6ec5 (webtiles) character file.

Game seed: 6070917844791133354, levelgen mode: deterministic

243 Martska the Ruffian (level 5, 0/53 HPs)
             Began as a Troll Monk on Feb 9, 2020.
             Was a Priest of Makhleb.
             Slain by Pikel
             ... wielding a +0 whip of electrocution
              (6 damage)
             ... on level 4 of the Dungeon.
             The game lasted 00:07:47 (3333 turns).

Martska the Ruffian (Troll Monk)                    Turns: 3333, Time: 00:07:47

Health: 0/53       AC:  6    Str: 17 (20) XL:     5   Next: 82%
Magic:  4/4        EV: 10    Int:  3 (6)  God:    Makhleb [***...]
Gold:   174        SH:  0    Dex:  9 (12) Spells: 4/4 levels left

rFire    . . .     SeeInvis .     - Unarmed
rCold    . . .     Gourm    +   (no shield)
rNeg     . . .     Faith    .   a - +0 robe
rPois    .         Spirit   .   (helmet restricted)
rElec    .         Reflect  .   (no cloak)
rCorr    .         Harm     .   (gloves unavailable)
MR       .....                  (boots unavailable)
Stlth    +.........             (no amulet)
HPRegen  0.57/turn              (no ring)
MPRegen  0.09/turn              (no ring)

@: no status effects
A: large, unfitting armour, claws 3, fast metabolism 3, gourmand, regeneration
1, shaggy fur 1, tough skin 3
a: Minor Destruction, Lesser Servant of Makhleb, Renounce Religion


You were on level 4 of the Dungeon.
You worshipped Makhleb.
Makhleb was most pleased with you.
You were very hungry.

You visited 1 branch of the dungeon, and saw 4 of its levels.
You also visited: Sewer.

You collected 174 gold pieces.

Inventory:

Armour
 a - a +0 robe (worn)
Jewellery
 d - a cursed -3 ring of protection {unknown}
 q - a cursed ring of protection from cold {unknown}
Scrolls
 c - 4 scrolls of fear {unknown}
 i - 5 scrolls of identify {unknown}
 j - 4 scrolls of remove curse {unknown}
 k - 2 scrolls of fog {unknown}
 l - 3 scrolls of teleportation {unknown}
 m - a scroll of noise {unknown}
 o - 2 scrolls of amnesia {unknown}
 p - 2 scrolls of enchant armour {unknown}
 u - a scroll of magic mapping {unknown}
Potions
 e - a potion of ambrosia {unknown}
 f - a potion of invisibility {unknown}
 g - a potion of degeneration
 h - 4 potions of curing {unknown}
 n - a potion of lignification {unknown}
 r - 2 potions of agility {unknown}
 s - a potion of magic {unknown}
 t - a potion of might {unknown}
 v - 2 potions of flight {unknown}
Comestibles
 b - 7 rations


   Skills:
 * Level 3.1 Fighting
 + Level 3.0 Dodging
 - Level 1.2 Stealth
 * Level 5.4 Unarmed Combat
 * Level 0.8 Invocations


You had 4 spell levels left.
You didn't know any spells.
Your spell library was empty.

Dungeon Overview and Level Annotations

Branches:
Dungeon (4/15)              Sewer (visited)
 Temple: D:4-7

Altars:
Ashenzari
Makhleb
Uskayaw

Annotations:
D:4 Pikel


Innate Abilities, Weirdness & Mutations

You are too large for most types of armour.
You have claws for hands.
Your metabolism is lightning-fast.
You like to eat raw meat.
Your natural rate of healing is unusually fast.
You are covered in fur. (AC +1)
You have extremely tough skin. (AC +3)


Message History

Pikel is moderately wounded.
Pikel completely misses you.
You barely miss Pikel.
Pikel is moderately wounded.
An orc comes into view. It is wielding a +0 war axe.
You scratch Pikel.
Pikel is heavily wounded.
Pikel hits you with a +0 whip of electrocution.
* * * LOW HITPOINT WARNING * * *
You miss Pikel.
Pikel is heavily wounded.
Pikel closely misses you.
You scratch Pikel.
Pikel is heavily wounded.
Pikel hits you with a +0 whip of electrocution.
* * * LOW HITPOINT WARNING * * *
You closely miss Pikel.
Pikel is heavily wounded.
Pikel hits you with a +0 whip of electrocution.
You die...

.(.. #.. ... .o. #p#
#######p# ......pp# #K# #@#
#.######### #.#.......#
##.#.#####.# #####....### #.#
######## ##^.........###.####
.......###.###.....#........#
[##........# #.#.#.#####.##.#
.##.##.###.###.#.#.#####.##.#


You could see Pikel, 4 slaves and an orc.

Vanquished Creatures
  A worker ant (D:4)
  12 adders
  A river rat (D:3)
  2 oozes (Sewer)
  2 adder skeletons (D:4)
  3 worms
  2 dart slugs
  An orc (D:4)
  3 ball pythons (Sewer)
  4 giant cockroaches
  7 goblins
  4 hobgoblins
  17 kobolds
  9 bats
  6 frilled lizards
  11 rats
  2 fungi (D:1)
87 creatures vanquished.

Notes
Turn   | Place    | Note
-------+----------+-------------------------------------------
     0 | D:1      | Martska the Troll Monk began the quest for the Orb.
     0 | D:1      | Reached XP level 1. HP: 22/22 MP: 0/0
   152 | D:1      | Found a shattered altar of Ashenzari.
   422 | D:1      | Reached XP level 2. HP: 29/29 MP: 1/1
   940 | D:2      | Reached XP level 3. HP: 30/36 MP: 2/2
  1064 | D:2      | Reached skill level 4 in Unarmed Combat
  1075 | D:2      | Found a burning altar of Makhleb.
  1090 | D:2      | Became a worshipper of Makhleb the Destroyer
  1090 | D:2      | Reached * piety under Makhleb
  1090 | D:2      | Reached ** piety under Makhleb
  1109 | D:2      | Reached XP level 4. HP: 44/44 MP: 3/3
  2166 | D:3      | Found a hide-covered altar of Uskayaw.
  2447 | D:3      | Reached XP level 5. HP: 53/53 MP: 4/4
  2475 | D:3      | Found a glowing drain.
  2483 | Sewer    | Entered a sewer
  2689 | Sewer    | Reached skill level 5 in Unarmed Combat
  3226 | D:4      | Reached *** piety under Makhleb
  3318 | D:4      | Noticed a slave
  3319 | D:4      | Noticed Pikel
  3319 | D:4      | Noticed a slave
  3320 | D:4      | Noticed a slave
  3321 | D:4      | Noticed a slave
  3333 | D:4      | Slain by Pikel

Levels and vault maps discovered:
D:1:      dpeg_cavernosity, layout_basic, ashenzari_altar_1
D:2:      layout_basic, lemuel_doored_altar, minmay_quadrilaterals
D:3:      layout_loops_corners, lemuel_crystal_altar, lightli_sewer_entry_pipes,
          first_ration
D:4:      layout_loops_corners, nemelex_xobeh_ov_fountains_minmay, uniq_sigmund,
          uniq_pikel, uniq_eustachio

Skill      XL: |  1  2  3  4  5 |
---------------+----------------+-----
Unarmed Combat | 4 5 |  5.4
Fighting       | 3 |  3.1
Dodging        | 3 |  3.0
Stealth        | |  1.2
Invocations    | |  0.8

Action                   |  1- 3 |  4- 6 || total
-------------------------+-------+-------++-------
Melee: Unarmed           |   104 |   138 ||   242
       Punch             |       |     1 ||     1
  Use: Potion            |       |     1 ||     1
 Stab: Sleeping          |       |     3 ||     3
  Eat: Chunk             |     7 |    17 ||    24
       Ration            |       |     1 ||     1
Armor: Robe              |    53 |    44 ||    97
Dodge: Dodged            |    53 |    79 ||   132
